cohdb
Replays
Latest Replays
All Replays
Popular Replays
Top Player Replays
Match Explorer
How It Works
Community
CoH3 Stats
Reddit
Sign in to upload your games and track your stats! →
Sign in with Steam
Match 46226041
Unlisted
Match 46226041
Overview
Messages
Build Orders
End
Construct Barracks
Riflemen Squad
Riflemen Squad
M1 Mortar Team
Selects Heavy Weapons
Riflemen Squad
Construct Weapon Support Center
Construct Medical Station
Mechanized Support Center
M3 Armored Personnel Carrier
Grenade Package
Selects M2HB .50cal Heavy Machine Gun
Selects Assault Carriers
M3 Assault Carrier
M1918 Browning Automatic Rifles
Designate Forward Repair Station
M1919 Machine Gun Team
M3 Assault Carrier
Selects Exchangeable Parts
Construct Tank Depot
Rio
SRtrikerz
-R- B U R B U J A
咖喱
Crazy Dog
za peinter
JUBA
SADDAM HUSSEIN
0
0
Comments
sign in to comment!
No comments posted yet!